Sharks vs Jets

Created - May 14, 2020 at 19:17

Goals
1 2 3 T
Sharks 0 2 1 3
Jets 0 0 0 0
Shots
1 2 3 T
Sharks 8 17 13 38
Jets 8 10 6 24

1st period

No Goal

Penalties :
Martins Karsums (SJS) for Holding (Minor) at 4:04, Adam Henrique (Win) for Tripping (Minor) at 16:21

2nd period

1. Sharks , Oskar Osala 16 (Martins Karsums 16) at 9:25
2. Sharks , Zach Boychuk 11 (Bobby Butler 19) at 10:01

Penalties :
Stefan Ruzicka (SJS) for High sticking (Minor) at 0:27, Jared Spurgeon (Win) for Holding Stick (Minor) at 6:25, Marco Scandella (Win) for Tripping (Minor) at 10:46

3rd period

3. Sharks , Stefan Ruzicka 21 (Dennis Wideman 19, Brandon Dubinsky 33) at 0:39

Penalties :
Stefan Ruzicka (SJS) for Cross-checking (Minor) at 11:44, Eric Gelinas (Win) for Tripping (Minor) at 16:51

Goalie Stats

Anders Nilsson (SJS), 24 saves from 24 shots - (1.000), W, 5-5-0, 60:00 minutes
Jonathan Bernier (Win), 35 saves from 38 shots - (0.921), L, 22-25-2, 60:00 minutes

Players Stats for Sharks

Player Name              G  A  P  +/- PIM S  H  SB GA TA FO     MP     PP MP  PK MP  
------------------------------------------------------------------------------------
Adam Larsson             0  0  0   0  0   1  3  0  0  0  0/0    19:48   2:16   2:58 
Andrej Sekera            0  0  0   2  0   3  1  5  0  2  0/0    29:14   5:40   2:59 
Bobby Butler             0  1  1   1  0   0  3  0  0  0  0/0    16:03   2:44   0:00 
Brandon Dubinsky         0  1  1   1  0   5  2  4  0  0  16/37  23:00   5:12   2:08 
Brayden McNabb           0  0  0   1  0   0  0  1  0  0  0/0    10:58   0:00   0:00 
Brian Boyle              0  0  0   0  0   0  0  0  0  0  1/1     6:50   0:00   0:00 
Dennis Wideman           0  1  1   2  0   1  1  2  1  1  0/0    29:14   5:40   2:59 
Jiri Tlusty              0  0  0   0  0   0  0  0  0  0  0/0     6:12   0:00   0:00 
Kevin Connauton          0  0  0   1  0   1  0  2  0  0  0/0    10:58   0:00   0:00 
Luke Adam                0  0  0   1  0   0  0  0  0  0  4/8    13:05   0:00   0:49 
Martins Karsums          0  1  1   1  2   2  1  0  0  0  2/4    12:18   0:08   0:00 
Mike Cammalleri          0  0  0   1  0   5  3  0  1  0  0/2    19:31   2:44   3:24 
Milan Michalek           0  0  0   1  0   5  0  5  0  1  5/8    23:54   5:12   3:11 
Oskar Osala              1  0  1   1  0   1  0  0  0  0  0/0    13:15   0:00   2:10 
Paul Ranger              0  0  0   0  0   2  0  0  0  0  0/0    19:48   2:16   2:58 
Stefan Ruzicka           1  0  1   1  4   7  0  0  0  0  1/2    20:40   5:12   0:00 
T.J. Hensick             0  0  0   0  0   1  1  0  0  0  2/3     5:14   0:53   0:00 
Zach Boychuk             1  0  1   1  0   4  0  0  1  0  1/5    13:58   1:43   0:12 

Players Stats for Jets

Player Name              G  A  P  +/- PIM S  H  SB GA TA FO     MP     PP MP  PK MP  
------------------------------------------------------------------------------------
Adam Henrique            0  0  0  -2  2   3  2  1  0  0  3/5    18:46   3:16   0:00 
Bobby Ryan               0  0  0  -1  0   2  3  0  1  1  1/1    17:36   2:41   1:44 
Derek Roy                0  0  0   0  0   0  2  0  1  0  3/7    20:23   2:41   5:49 
Derek Stepan             0  0  0  -2  0   5  2  0  0  0  20/41  25:09   3:16   5:49 
Eric Gelinas             0  0  0  -1  2   0  2  0  0  0  0/0    21:17   2:12   2:54 
Erik Haula               0  0  0   0  0   0  2  0  0  0  0/0    10:48   0:00   0:23 
Jacob Trouba             0  0  0  -1  0   0  4  1  1  0  0/0    21:56   2:12   3:32 
Jared Spurgeon           0  0  0  -1  2   0  0  0  0  0  0/0    10:02   0:00   0:00 
Kevin Hayes              0  0  0   0  0   1  1  0  0  1  1/2    10:09   0:00   0:00 
Marco Scandella          0  0  0  -1  2   2  2  3  0  0  0/0    26:59   3:45   3:46 
Marcus Johansson         0  0  0   0  0   5  1  0  0  0  0/1    14:22   2:41   0:23 
Nikolay Goldobin         0  0  0   0  0   0  0  0  0  0  0/0     6:30   0:00   0:00 
Nino Niederreiter        0  0  0  -3  0   2  2  1  0  0  3/4    22:11   3:16   1:44 
Oscar Klefbom            0  0  0  -1  0   0  1  1  0  0  0/0    13:15   0:00   1:16 
Ronalds Kenins           0  0  0   0  0   1  1  0  1  0  0/0     6:30   0:00   0:00 
Ryan Johansen            0  0  0  -1  0   1  2  0  0  0  3/5    11:18   0:00   0:00 
Sam Gagner               0  0  0   0  0   1  0  0  0  0  4/4     6:43   0:00   0:00 
Tyler Myers              0  0  0  -1  0   1  2  1  0  1  0/0    28:06   3:45   4:24 

3 Stars

1 - Anders Nilsson (SJS)
2 - Oskar Osala (SJS)
3 - Zach Boychuk (SJS)

Power Play

Sharks - 0 on 4 Attempt(s) - 0.00%
Jets - 0 on 3 Attempt(s) - 0.00%

Penalty Kill

Sharks - 3 on 3 Attempt(s) - 100.00% - Score 0 goal in Penalty Kill
Jets - 4 on 4 Attempt(s) - 100.00% - Score 0 goal in Penalty Kill

Team Stat

Sharks - Hits : 15 - Faceoff Wins : 32 - Blocked Shots : 19 - Penalty Minutes : 6
Jets - Hits : 29 - Faceoff Wins : 38 - Blocked Shots : 8 - Penalty Minutes : 8

Official

Referees : Unknown
Linesman : Unknown

Game Notes

T.J. Hensick is injured at 18:13 of 1st period (Broken Bone (Left Ankle))

Finance

Level 1 -- Attendance: 5307 (88.45%) -- Ticket Income $557,235
Level 2 -- Attendance: 3689 (73.78%) -- Ticket Income $247,163
Level 3 -- Attendance: 1515 (75.75%) -- Ticket Income $66,660
Level 4 -- Attendance: 3622 (90.55%) -- Ticket Income $94,172
Luxury Box -- Attendance: 1000 (100.00%) -- Ticket Income $185,000
Game was played at the MTS Center.
Total Attendance: 15133 (84.07%)
Total Ticket Income: $1,150,230
Other Income: $172,534
Total Income: $1,322,764

Sharks

5 vs 5 Forward 
   Center                   Left Wing                Right Wing               Time % Phy DF OF 
 1 Brandon Dubinsky         Milan Michalek           Stefan Ruzicka           40     1   2  2  
 2 T.J. Hensick             Mike Cammalleri          Bobby Butler             30     1   2  2  
 3 Luke Adam                Oskar Osala              Martins Karsums          20     1   2  2  
 4 Brian Boyle              Zach Boychuk             Jiri Tlusty              10     1   2  2  

5 vs 5 Defense 
   Defense                  Defense                                           Time % Phy DF OF 
 1 Dennis Wideman           Andrej Sekera                                     40     1   2  2  
 2 Adam Larsson             Paul Ranger                                       30     1   2  2  
 3 Brayden McNabb           Kevin Connauton                                   20     1   2  2  
 4 Dennis Wideman           Andrej Sekera                                     10     1   2  2  

PowerPlay Forward 
   Center                   Left Wing                Right Wing               Time % Phy DF OF 
 1 Brandon Dubinsky         Milan Michalek           Stefan Ruzicka           60     1   2  2  
 2 T.J. Hensick             Mike Cammalleri          Bobby Butler             40     1   2  2  

PowerPlay Defense
   Defense                  Defense                                           Time % Phy DF OF 
 1 Dennis Wideman           Andrej Sekera                                     60     1   2  2  
 2 Adam Larsson             Paul Ranger                                       40     1   2  2  

Penalty Kill 4 Players Forward 
   Center                   Wing                     Time % Phy DF OF 
 1 Milan Michalek           Mike Cammalleri          60     1   2  2  
 2 Brandon Dubinsky         Oskar Osala              40     1   2  2  

Penalty Kill 4 Players Defense
   Defense                  Defense                  Time % Phy DF OF 
 1 Dennis Wideman           Andrej Sekera            60     1   2  2  
 2 Adam Larsson             Paul Ranger              40     1   2  2  

Penalty Kill - 3 Players Forward 
   Forward                                           Time % Phy DF OF 
 1 Milan Michalek                                    60     1   2  2  
 2 Mike Cammalleri                                   40     1   2  2  

Penalty Kill - 3 Players Defense
   Defense                  Defense                  Time % Phy DF OF 
 1 Dennis Wideman           Andrej Sekera            60     1   2  2  
 2 Adam Larsson             Paul Ranger              40     1   2  2  

4 vs 4 Forward 
   Center                   Wing                     Time % Phy DF OF 
 1 Milan Michalek           Mike Cammalleri          60     1   2  2  
 2 Brandon Dubinsky         Oskar Osala              40     1   2  2  

4 vs 4 Defense
   Defense                  Defense                  Time % Phy DF OF 
 1 Dennis Wideman           Andrej Sekera            60     1   2  2  
 2 Adam Larsson             Paul Ranger              40     1   2  2  

Last Minutes Offensive
   Center                   Left Wing                Right Wing               Defense                  Defense                  
   Brandon Dubinsky         Milan Michalek           Stefan Ruzicka           Dennis Wideman           Andrej Sekera            

Last Minutes Defensive
   Center                   Left Wing                Right Wing               Defense                  Defense                  
   Brandon Dubinsky         Milan Michalek           Stefan Ruzicka           Dennis Wideman           Andrej Sekera            

Goaltenders
Starting : Anders Nilsson           
Backup : Ryan Miller              

Extra Forwards
Normal : Zach Boychuk, Martins Karsums, Luke Adam - PP : Zach Boychuk, Martins Karsums - PK : Luke Adam
Extra Defensemen
Normal : Brayden McNabb, Kevin Connauton, Adam Larsson - PP : Brayden McNabb - PK : Kevin Connauton, Adam Larsson
Penalty Shots
Milan Michalek, Mike Cammalleri, Brandon Dubinsky, Oskar Osala, T.J. Hensick

Scratches
Jason Spezza (Healthy), David Rundblad (Torso Injury), Nikolai Kulemin (Healthy), Drew Doughty (Healthy), Tyler Cuma (Healthy)

Jets

5 vs 5 Forward 
   Center                   Left Wing                Right Wing               Time % Phy DF OF 
 1 Derek Stepan             Adam Henrique            Nino Niederreiter        40     1   2  2  
 2 Derek Roy                Marcus Johansson         Bobby Ryan               30     1   2  2  
 3 Ryan Johansen            Erik Haula               Kevin Hayes              20     1   2  2  
 4 Sam Gagner               Ronalds Kenins           Nikolay Goldobin         10     1   2  2  

5 vs 5 Defense 
   Defense                  Defense                                           Time % Phy DF OF 
 1 Tyler Myers              Marco Scandella                                   40     1   2  2  
 2 Eric Gelinas             Jacob Trouba                                      30     1   2  2  
 3 Jared Spurgeon           Oscar Klefbom                                     20     1   2  2  
 4 Tyler Myers              Marco Scandella                                   10     1   2  2  

PowerPlay Forward 
   Center                   Left Wing                Right Wing               Time % Phy DF OF 
 1 Derek Stepan             Adam Henrique            Nino Niederreiter        60     1   2  2  
 2 Derek Roy                Marcus Johansson         Bobby Ryan               40     1   2  2  

PowerPlay Defense
   Defense                  Defense                                           Time % Phy DF OF 
 1 Tyler Myers              Marco Scandella                                   60     1   2  2  
 2 Eric Gelinas             Jacob Trouba                                      40     1   2  2  

Penalty Kill 4 Players Forward 
   Center                   Wing                     Time % Phy DF OF 
 1 Derek Stepan             Derek Roy                60     1   2  2  
 2 Nino Niederreiter        Bobby Ryan               40     1   2  2  

Penalty Kill 4 Players Defense
   Defense                  Defense                  Time % Phy DF OF 
 1 Tyler Myers              Marco Scandella          60     1   2  2  
 2 Eric Gelinas             Jacob Trouba             40     1   2  2  

Penalty Kill - 3 Players Forward 
   Forward                                           Time % Phy DF OF 
 1 Derek Stepan                                      60     1   2  2  
 2 Derek Roy                                         40     1   2  2  

Penalty Kill - 3 Players Defense
   Defense                  Defense                  Time % Phy DF OF 
 1 Tyler Myers              Marco Scandella          60     1   2  2  
 2 Eric Gelinas             Jacob Trouba             40     1   2  2  

4 vs 4 Forward 
   Center                   Wing                     Time % Phy DF OF 
 1 Derek Stepan             Derek Roy                60     1   2  2  
 2 Nino Niederreiter        Bobby Ryan               40     1   2  2  

4 vs 4 Defense
   Defense                  Defense                  Time % Phy DF OF 
 1 Tyler Myers              Marco Scandella          60     1   2  2  
 2 Eric Gelinas             Jacob Trouba             40     1   2  2  

Last Minutes Offensive
   Center                   Left Wing                Right Wing               Defense                  Defense                  
   Derek Stepan             Adam Henrique            Nino Niederreiter        Tyler Myers              Marco Scandella          

Last Minutes Defensive
   Center                   Left Wing                Right Wing               Defense                  Defense                  
   Derek Stepan             Adam Henrique            Nino Niederreiter        Tyler Myers              Marco Scandella          

Goaltenders
Starting : Jonathan Bernier         
Backup : Kari Lehtonen            

Extra Forwards
Normal : Ryan Johansen, Sam Gagner, Erik Haula - PP : Ryan Johansen, Sam Gagner - PK : Erik Haula
Extra Defensemen
Normal : Jared Spurgeon, Oscar Klefbom, Eric Gelinas - PP : Jared Spurgeon - PK : Oscar Klefbom, Eric Gelinas
Penalty Shots
Derek Stepan, Derek Roy, Nino Niederreiter, Bobby Ryan, Adam Henrique

Scratches
None


% Time on Ice - Sharks

Lines # - Real PCT - Wanted PCT - Time Play
Normal Forward
1 - 34% - 40% - 15:31
2 - 29% - 30% - 13:19
3 - 24% - 20% - 11:05
4 - 13% - 10% - 6:12
Normal Defense
1 - 42% - 40% - 19:22
2 - 32% - 30% - 14:34
3 - 24% - 20% - 10:58
4 - 3% - 10% - 1:13
PP Forward
1 - 66% - 60% - 5:12
2 - 34% - 40% - 2:44
PP Defense
1 - 71% - 60% - 5:40
2 - 29% - 40% - 2:16
PK Forward
1 - 70% - 60% - 4:10
2 - 30% - 40% - 1:47
PK Defense
1 - 50% - 60% - 2:59
2 - 50% - 40% - 2:58
PK3 Forward
1 - 0% - 60%
2 - 0% - 40%
PK3 Defense
1 - 0% - 60%
2 - 0% - 40%
44 Forward
1 - 0% - 60%
2 - 0% - 40%
44 Defense
1 - 0% - 60%
2 - 0% - 40%
Last Minute Offensive  - 0:00
Last Minute Defensive  - 0:00
Total
Forward - 60:00
Defense - 60:00

% Time on Ice - Jets

Lines # - Real PCT - Wanted PCT - Time Play
Normal Forward
1 - 35% - 40% - 16:04
2 - 29% - 30% - 13:24
3 - 22% - 20% - 10:09
4 - 14% - 10% - 6:30
Normal Defense
1 - 40% - 40% - 18:37
2 - 35% - 30% - 16:12
3 - 22% - 20% - 9:58
4 - 3% - 10% - 1:20
PP Forward
1 - 55% - 60% - 3:16
2 - 45% - 40% - 2:41
PP Defense
1 - 63% - 60% - 3:45
2 - 37% - 40% - 2:12
PK Forward
1 - 78% - 60% - 6:12
2 - 22% - 40% - 1:44
PK Defense
1 - 55% - 60% - 4:24
2 - 45% - 40% - 3:32
PK3 Forward
1 - 0% - 60%
2 - 0% - 40%
PK3 Defense
1 - 0% - 60%
2 - 0% - 40%
44 Forward
1 - 0% - 60%
2 - 0% - 40%
44 Defense
1 - 0% - 60%
2 - 0% - 40%
Last Minute Offensive  - 0:00
Last Minute Defensive  - 0:00
Total
Forward - 60:00
Defense - 60:00

Play-by-Play

1st period


0:01 of 1st period - Brandon Dubinsky wins face-off versus Derek Stepan in neutral zone.
0:33 of 1st period - Slapshot by Marcus Johansson.
0:33 of 1st period - Stopped by Anders Nilsson with a rebound.
0:51 of 1st period - Marco Scandella is hit by Adam Larsson and loses puck.
1:08 of 1st period - Snap shot by Tyler Myers.
1:08 of 1st period - Shot Blocked by Kevin Connauton.
1:16 of 1st period - Wrist shot by Jiri Tlusty.
1:16 of 1st period - Shot Misses the Net.
1:18 of 1st period - Snap shot by Andrej Sekera.
1:18 of 1st period - Deflect By Tyler Myers.
1:18 of 1st period - Stopped by Jonathan Bernier with a rebound.
1:38 of 1st period - Snap shot by Brandon Dubinsky.
1:38 of 1st period - Shot Blocked by Marco Scandella.
1:52 of 1st period - Wrist shot by Mike Cammalleri.
1:52 of 1st period - Stopped by Jonathan Bernier without a rebound.
1:53 of 1st period - Derek Roy wins face-off versus T.J. Hensick in Jets zone.
2:18 of 1st period - Slapshot by Adam Henrique.
2:18 of 1st period - Shot Blocked by Brayden McNabb.
2:28 of 1st period - Wrist shot by Martins Karsums.
2:28 of 1st period - Deflect By Oskar Osala.
2:28 of 1st period - Shot Misses the Net.
2:28 of 1st period - Puck is out of play.
2:29 of 1st period - Brandon Dubinsky wins face-off versus Ryan Johansen in Jets zone.
2:54 of 1st period - Bobby Butler is hit by Derek Stepan and loses puck.
3:21 of 1st period - Wrist shot by Sam Gagner.
3:21 of 1st period - Stopped by Anders Nilsson without a rebound.
3:22 of 1st period - Sam Gagner wins face-off versus Brandon Dubinsky in Sharks zone.
3:47 of 1st period - Eric Gelinas is hit by Andrej Sekera and loses puck.
4:04 of 1st period - Minor Penalty to Martins Karsums for Holding.
4:05 of 1st period - Milan Michalek wins face-off versus Adam Henrique in Sharks zone.
4:18 of 1st period - Slapshot by Adam Henrique.
4:18 of 1st period - Stopped by Anders Nilsson without a rebound.
4:19 of 1st period - Milan Michalek wins face-off versus Derek Stepan in Sharks zone.
4:34 of 1st period - Slapshot by Adam Henrique.
4:34 of 1st period - Stopped by Anders Nilsson with a rebound.
4:54 of 1st period - Snap shot by Derek Roy.
4:54 of 1st period - Shot Misses the Net.
5:17 of 1st period - Icing by Eric Gelinas.
5:18 of 1st period - Milan Michalek wins face-off versus Derek Stepan in Jets zone.
6:04 of 1st period - Penalty to Martins Karsums is over, Martins Karsums is back on ice.
6:19 of 1st period - Wrist shot by Bobby Butler.
6:19 of 1st period - Deflect By Ryan Johansen.
6:19 of 1st period - Shot Misses the Net.
6:19 of 1st period - Puck is out of play.
6:20 of 1st period - T.J. Hensick wins face-off versus Kevin Hayes in Jets zone.
6:29 of 1st period - Slapshot by Mike Cammalleri.
6:29 of 1st period - Stopped by Jonathan Bernier without a rebound.
6:30 of 1st period - Derek Stepan wins face-off versus Brandon Dubinsky in Jets zone.
6:37 of 1st period - Wrist shot by Derek Stepan.
6:37 of 1st period - Shot Blocked by Brandon Dubinsky.
7:40 of 1st period - T.J. Hensick is hit by Adam Henrique and loses puck.
7:56 of 1st period - Icing by Dennis Wideman.
7:57 of 1st period - Sam Gagner wins face-off versus Brandon Dubinsky in Sharks zone.
8:04 of 1st period - Snap shot by Ronalds Kenins.
8:04 of 1st period - Shot Blocked by Andrej Sekera.
8:12 of 1st period - Wrist shot by Sam Gagner.
8:12 of 1st period - Shot Misses the Net.
8:22 of 1st period - Oskar Osala is hit by Jacob Trouba and loses puck.
8:47 of 1st period - Wrist shot by Ryan Johansen.
8:47 of 1st period - Stopped by Anders Nilsson with a rebound.
9:16 of 1st period - Snap shot by Derek Roy.
9:16 of 1st period - Shot Blocked by Andrej Sekera.
9:32 of 1st period - Adam Larsson is hit by Jacob Trouba and loses puck.
9:56 of 1st period - Off-side.
9:57 of 1st period - Luke Adam wins face-off versus Derek Stepan in neutral zone.
10:18 of 1st period - Snap shot by Adam Henrique.
10:18 of 1st period - Shot Blocked by Milan Michalek.
10:20 of 1st period - Snap shot by Derek Stepan.
10:20 of 1st period - Stopped by Anders Nilsson without a rebound.
10:21 of 1st period - Brandon Dubinsky wins face-off versus Derek Roy in Sharks zone.
10:49 of 1st period - Wrist shot by Stefan Ruzicka.
10:49 of 1st period - Shot Misses the Net.
10:55 of 1st period - Slapshot by Marcus Johansson.
10:55 of 1st period - Shot Misses the Net.
10:57 of 1st period - Wrist shot by Marcus Johansson.
10:57 of 1st period - Shot Blocked by Milan Michalek.
11:41 of 1st period - Snap shot by Marcus Johansson.
11:41 of 1st period - Shot Blocked by Milan Michalek.
11:43 of 1st period - Snap shot by Bobby Ryan.
11:43 of 1st period - Stopped by Anders Nilsson without a rebound.
11:44 of 1st period - T.J. Hensick wins face-off versus Derek Stepan in Sharks zone.
11:49 of 1st period - Nino Niederreiter is hit by Bobby Butler.
12:15 of 1st period - Luke Adam is hit by Ryan Johansen.
12:33 of 1st period - Brian Boyle is hit by Ronalds Kenins and loses puck.
14:16 of 1st period - Off-side.
14:17 of 1st period - Luke Adam wins face-off versus Derek Roy in neutral zone.
14:44 of 1st period - Brandon Dubinsky is hit by Nino Niederreiter and loses puck.
15:09 of 1st period - Snap shot by T.J. Hensick.
15:09 of 1st period - Stopped by Jonathan Bernier with a rebound.
16:21 of 1st period - Minor Penalty to Adam Henrique for Tripping.
16:22 of 1st period - Brandon Dubinsky wins face-off versus Derek Stepan in Jets zone.
16:23 of 1st period - Snap shot by Stefan Ruzicka.
16:23 of 1st period - Stopped by Jonathan Bernier without a rebound.
16:24 of 1st period - Derek Stepan wins face-off versus Brandon Dubinsky in Jets zone.
16:33 of 1st period - Slapshot by Derek Stepan.
16:33 of 1st period - Shot Misses the Net.
16:55 of 1st period - Slapshot by Dennis Wideman.
16:55 of 1st period - Stopped by Jonathan Bernier with a rebound.
16:57 of 1st period - Snap shot by Mike Cammalleri.
16:57 of 1st period - Stopped by Jonathan Bernier without a rebound.
16:58 of 1st period - Derek Stepan wins face-off versus Brandon Dubinsky in Jets zone.
17:11 of 1st period - Derek Stepan is hit by T.J. Hensick and loses puck.
17:32 of 1st period - Snap shot by Nino Niederreiter.
17:32 of 1st period - Shot Misses the Net.
17:34 of 1st period - Slapshot by Tyler Myers.
17:34 of 1st period - Shot Blocked by Andrej Sekera.
17:36 of 1st period - Wrist shot by Bobby Ryan.
17:36 of 1st period - Stopped by Anders Nilsson without a rebound.
17:37 of 1st period - Nino Niederreiter wins face-off versus Brandon Dubinsky in Sharks zone.
18:12 of 1st period - T.J. Hensick is hit by Bobby Ryan and loses puck.
18:13 of 1st period - T.J. Hensick from Sharks is injured at 18:13 of 1st period (Broken Bone (Left Ankle)).
18:14 of 1st period - Derek Stepan wins face-off versus Brandon Dubinsky in Sharks zone.
18:21 of 1st period - Penalty to Adam Henrique is over, Adam Henrique is back on ice.
18:26 of 1st period - Dennis Wideman is hit by Derek Stepan.
19:07 of 1st period - Slapshot by Adam Larsson.
19:07 of 1st period - Shot Misses the Net.
19:09 of 1st period - Wrist shot by Adam Larsson.
19:09 of 1st period - Stopped by Jonathan Bernier without a rebound.
19:10 of 1st period - Derek Stepan wins face-off versus Brandon Dubinsky in Jets zone.
19:10 of 1st period - Derek Stepan is hit by Brandon Dubinsky.
19:47 of 1st period - Mike Cammalleri is hit by Derek Roy and loses puck.
Goals for this period are 0 for Sharks vs 0 for Jets.
Shots for this period are 8 for Sharks vs 8 for Jets.

2nd period


0:01 of 2nd period - Derek Stepan wins face-off versus Milan Michalek in neutral zone.
0:08 of 2nd period - Snap shot by Adam Henrique.
0:08 of 2nd period - Shot Blocked by Brandon Dubinsky.
0:16 of 2nd period - Adam Henrique is hit by Brandon Dubinsky and loses puck.
0:27 of 2nd period - Minor Penalty to Stefan Ruzicka for High sticking.
0:28 of 2nd period - Derek Stepan wins face-off versus Mike Cammalleri in Sharks zone.
0:31 of 2nd period - Wrist shot by Derek Stepan.
0:31 of 2nd period - Stopped by Anders Nilsson with a rebound.
0:35 of 2nd period - Snap shot by Adam Henrique.
0:35 of 2nd period - Stopped by Anders Nilsson with a rebound.
0:37 of 2nd period - Snap shot by Nino Niederreiter.
0:37 of 2nd period - Shot Blocked by Dennis Wideman.
0:39 of 2nd period - Slapshot by Marco Scandella.
0:39 of 2nd period - Shot Misses the Net.
0:41 of 2nd period - Slapshot by Tyler Myers.
0:41 of 2nd period - Stopped by Anders Nilsson without a rebound.
0:42 of 2nd period - Derek Stepan wins face-off versus Milan Michalek in Sharks zone.
0:53 of 2nd period - Wrist shot by Derek Stepan.
0:53 of 2nd period - Shot Misses the Net.
0:55 of 2nd period - Slapshot by Marco Scandella.
0:55 of 2nd period - Deflect By Dennis Wideman.
0:55 of 2nd period - Stopped by Anders Nilsson with a rebound.
0:57 of 2nd period - Wrist shot by Tyler Myers.
0:57 of 2nd period - Shot Blocked by Milan Michalek.
1:55 of 2nd period - Mike Cammalleri is hit by Marco Scandella and loses puck.
2:27 of 2nd period - Penalty to Stefan Ruzicka is over, Stefan Ruzicka is back on ice.
2:47 of 2nd period - Jiri Tlusty is hit by Jacob Trouba and loses puck.
2:58 of 2nd period - Snap shot by Andrej Sekera.
2:58 of 2nd period - Deflect By Martins Karsums.
2:58 of 2nd period - Stopped by Jonathan Bernier without a rebound.
2:59 of 2nd period - Sam Gagner wins face-off versus Martins Karsums in Jets zone.
4:32 of 2nd period - Snap shot by Derek Stepan.
4:32 of 2nd period - Stopped by Anders Nilsson without a rebound.
4:33 of 2nd period - Derek Roy wins face-off versus Brandon Dubinsky in Sharks zone.
4:46 of 2nd period - Snap shot by Brandon Dubinsky.
4:46 of 2nd period - Stopped by Jonathan Bernier without a rebound.
4:47 of 2nd period - Brandon Dubinsky wins face-off versus Derek Roy in Jets zone.
5:02 of 2nd period - Snap shot by Stefan Ruzicka.
5:02 of 2nd period - Stopped by Jonathan Bernier without a rebound.
5:03 of 2nd period - Ryan Johansen wins face-off versus Zach Boychuk in Jets zone.
5:54 of 2nd period - Eric Gelinas is hit by Adam Larsson and loses puck.
6:12 of 2nd period - Off-side.
6:13 of 2nd period - Martins Karsums wins face-off versus Derek Stepan in neutral zone.
6:25 of 2nd period - Minor Penalty to Jared Spurgeon for Holding Stick.
6:26 of 2nd period - Brandon Dubinsky wins face-off versus Derek Stepan in Jets zone.
6:36 of 2nd period - Wrist shot by Milan Michalek.
6:36 of 2nd period - Stopped by Jonathan Bernier without a rebound.
6:37 of 2nd period - Brandon Dubinsky wins face-off versus Derek Stepan in Jets zone.
6:44 of 2nd period - Wrist shot by Stefan Ruzicka.
6:44 of 2nd period - Stopped by Jonathan Bernier without a rebound.
6:45 of 2nd period - Brandon Dubinsky wins face-off versus Derek Stepan in Jets zone.
6:46 of 2nd period - Wrist shot by Stefan Ruzicka.
6:46 of 2nd period - Shot Blocked by Marco Scandella.
6:48 of 2nd period - Wrist shot by Brandon Dubinsky.
6:48 of 2nd period - Stopped by Jonathan Bernier without a rebound.
6:49 of 2nd period - Derek Stepan wins face-off versus Brandon Dubinsky in Jets zone.
7:16 of 2nd period - Derek Roy is hit by Mike Cammalleri and loses puck.
8:09 of 2nd period - Mike Cammalleri is hit by Marco Scandella and loses puck.
8:25 of 2nd period - Penalty to Jared Spurgeon is over, Jared Spurgeon is back on ice.
8:32 of 2nd period - Icing by Nino Niederreiter.
8:33 of 2nd period - Nino Niederreiter wins face-off versus Luke Adam in Jets zone.
8:56 of 2nd period - Brayden McNabb is hit by Oscar Klefbom and loses puck.
9:25 of 2nd period - Snap shot by Oskar Osala.
9:25 of 2nd period - Goal by Oskar Osala - Sharks : 1 - Jets : 0.
9:26 of 2nd period - Sam Gagner wins face-off versus Brandon Dubinsky in neutral zone.
9:38 of 2nd period - Wrist shot by Sam Gagner.
9:38 of 2nd period - Shot Blocked by Brandon Dubinsky.
9:40 of 2nd period - Slapshot by Marco Scandella.
9:40 of 2nd period - Shot Misses the Net.
9:42 of 2nd period - Wrist shot by Marco Scandella.
9:42 of 2nd period - Shot Blocked by Andrej Sekera.
9:54 of 2nd period - Nino Niederreiter is hit by Dennis Wideman and loses puck.
10:01 of 2nd period - Slapshot by Zach Boychuk.
10:01 of 2nd period - Goal by Zach Boychuk - Sharks : 2 - Jets : 0.
10:02 of 2nd period - Derek Stepan wins face-off versus Brandon Dubinsky in neutral zone.
10:09 of 2nd period - Wrist shot by Derek Stepan.
10:09 of 2nd period - Stopped by Anders Nilsson without a rebound.
10:10 of 2nd period - Derek Stepan wins face-off versus Stefan Ruzicka in Sharks zone.
10:23 of 2nd period - Wrist shot by Adam Henrique.
10:23 of 2nd period - Deflect By Derek Stepan.
10:23 of 2nd period - Shot Blocked by Dennis Wideman.
10:23 of 2nd period - Puck is out of play.
10:24 of 2nd period - Brandon Dubinsky wins face-off versus Derek Stepan in Sharks zone.
10:24 of 2nd period - Brandon Dubinsky is hit by Nino Niederreiter.
10:40 of 2nd period - Wrist shot by Milan Michalek.
10:40 of 2nd period - Shot Blocked by Nino Niederreiter.
10:46 of 2nd period - Minor Penalty to Marco Scandella for Tripping.
10:47 of 2nd period - Derek Stepan wins face-off versus Brandon Dubinsky in Jets zone.
11:19 of 2nd period - Snap shot by Zach Boychuk.
11:19 of 2nd period - Stopped by Jonathan Bernier with a rebound.
11:21 of 2nd period - Snap shot by Bobby Butler.
11:21 of 2nd period - Deflect By Mike Cammalleri.
11:21 of 2nd period - Stopped by Jonathan Bernier without a rebound.
11:22 of 2nd period - Brandon Dubinsky wins face-off versus Derek Stepan in Jets zone.
11:25 of 2nd period - Snap shot by Milan Michalek.
11:25 of 2nd period - Shot Blocked by Jacob Trouba.
11:27 of 2nd period - Wrist shot by Stefan Ruzicka.
11:27 of 2nd period - Stopped by Jonathan Bernier without a rebound.
11:28 of 2nd period - Brandon Dubinsky wins face-off versus Derek Stepan in Jets zone.
11:29 of 2nd period - Wrist shot by Stefan Ruzicka.
11:29 of 2nd period - Shot Misses the Net.
11:31 of 2nd period - Snap shot by Milan Michalek.
11:31 of 2nd period - Stopped by Jonathan Bernier without a rebound.
11:32 of 2nd period - Derek Stepan wins face-off versus Brandon Dubinsky in Jets zone.
11:43 of 2nd period - Snap shot by Brandon Dubinsky.
11:43 of 2nd period - Shot Misses the Net.
11:45 of 2nd period - Slapshot by Andrej Sekera.
11:45 of 2nd period - Stopped by Jonathan Bernier with a rebound.
11:47 of 2nd period - Wrist shot by Milan Michalek.
11:47 of 2nd period - Deflect By Brandon Dubinsky.
11:47 of 2nd period - Stopped by Jonathan Bernier with a rebound.
11:49 of 2nd period - Snap shot by Milan Michalek.
11:49 of 2nd period - Stopped by Jonathan Bernier with a rebound.
12:29 of 2nd period - Slapshot by Stefan Ruzicka.
12:29 of 2nd period - Stopped by Jonathan Bernier with a rebound.
12:33 of 2nd period - Wrist shot by Milan Michalek.
12:33 of 2nd period - Shot Misses the Net.
12:46 of 2nd period - Penalty to Marco Scandella is over, Marco Scandella is back on ice.
13:09 of 2nd period - Backhand shot by Milan Michalek.
13:09 of 2nd period - Stopped by Jonathan Bernier with a rebound.
13:11 of 2nd period - Wrist shot by Stefan Ruzicka.
13:11 of 2nd period - Shot Misses the Net.
13:42 of 2nd period - Icing by Oscar Klefbom.
13:43 of 2nd period - Nino Niederreiter wins face-off versus Zach Boychuk in Jets zone.
13:43 of 2nd period - Nino Niederreiter is hit by Bobby Butler.
13:49 of 2nd period - Bobby Ryan is hit by Mike Cammalleri and loses puck.
13:54 of 2nd period - Wrist shot by Zach Boychuk.
13:54 of 2nd period - Shot Blocked by Tyler Myers.
13:56 of 2nd period - Slapshot by Zach Boychuk.
13:56 of 2nd period - Shot Blocked by Oscar Klefbom.
13:58 of 2nd period - Wrist shot by Mike Cammalleri.
13:58 of 2nd period - Shot Misses the Net.
14:32 of 2nd period - Snap shot by Ronalds Kenins.
14:32 of 2nd period - Shot Misses the Net.
14:34 of 2nd period - Wrist shot by Ronalds Kenins.
14:34 of 2nd period - Shot Misses the Net.
14:36 of 2nd period - Slapshot by Ronalds Kenins.
14:36 of 2nd period - Shot Misses the Net.
14:59 of 2nd period - Slapshot by Adam Henrique.
14:59 of 2nd period - Shot Misses the Net.
15:40 of 2nd period - Snap shot by Marcus Johansson.
15:40 of 2nd period - Stopped by Anders Nilsson with a rebound.
16:09 of 2nd period - Icing by Marcus Johansson.
16:10 of 2nd period - Derek Stepan wins face-off versus Luke Adam in Jets zone.
16:17 of 2nd period - Martins Karsums is hit by Eric Gelinas and loses puck.
16:24 of 2nd period - Snap shot by Derek Stepan.
16:24 of 2nd period - Stopped by Anders Nilsson with a rebound.
17:01 of 2nd period - Snap shot by Ronalds Kenins.
17:01 of 2nd period - Stopped by Anders Nilsson with a rebound.
17:38 of 2nd period - Adam Larsson is hit by Erik Haula.
17:58 of 2nd period - Brandon Dubinsky is hit by Bobby Ryan and loses puck.
18:13 of 2nd period - Luke Adam is hit by Eric Gelinas and loses puck.
18:46 of 2nd period - Dennis Wideman is hit by Ryan Johansen and loses puck.
19:11 of 2nd period - Martins Karsums is hit by Tyler Myers and loses puck.
19:32 of 2nd period - Wrist shot by Marcus Johansson.
19:32 of 2nd period - Stopped by Anders Nilsson with a rebound.
19:34 of 2nd period - Slapshot by Oscar Klefbom.
19:34 of 2nd period - Shot Misses the Net.
Goals for this period are 2 for Sharks vs 0 for Jets.
Shots for this period are 17 for Sharks vs 10 for Jets.

3rd period


0:01 of 3rd period - Brandon Dubinsky wins face-off versus Adam Henrique in neutral zone.
0:03 of 3rd period - Off-side.
0:04 of 3rd period - Adam Henrique wins face-off versus Brandon Dubinsky in neutral zone.
0:09 of 3rd period - Slapshot by Stefan Ruzicka.
0:09 of 3rd period - Stopped by Jonathan Bernier without a rebound.
0:10 of 3rd period - Brandon Dubinsky wins face-off versus Derek Stepan in Jets zone.
0:17 of 3rd period - Snap shot by Derek Stepan.
0:17 of 3rd period - Shot Blocked by Brandon Dubinsky.
0:37 of 3rd period - Slapshot by Dennis Wideman.
0:37 of 3rd period - Shot Misses the Net.
0:39 of 3rd period - Wrist shot by Stefan Ruzicka.
0:39 of 3rd period - Goal by Stefan Ruzicka - Sharks : 3 - Jets : 0.
0:40 of 3rd period - Milan Michalek wins face-off versus Derek Stepan in neutral zone.
0:53 of 3rd period - Wrist shot by Brandon Dubinsky.
0:53 of 3rd period - Shot Blocked by Marco Scandella.
0:55 of 3rd period - Snap shot by Stefan Ruzicka.
0:55 of 3rd period - Shot Misses the Net.
1:05 of 3rd period - Dennis Wideman is hit by Tyler Myers and loses puck.
1:10 of 3rd period - Snap shot by Marcus Johansson.
1:10 of 3rd period - Shot Misses the Net.
1:20 of 3rd period - Derek Roy is hit by Bobby Butler and loses puck.
1:39 of 3rd period - Slapshot by Jacob Trouba.
1:39 of 3rd period - Shot Misses the Net.
1:57 of 3rd period - Snap shot by Nikolay Goldobin.
1:57 of 3rd period - Shot Misses the Net.
2:19 of 3rd period - Slapshot by Jacob Trouba.
2:19 of 3rd period - Shot Misses the Net.
2:45 of 3rd period - Snap shot by Marcus Johansson.
2:45 of 3rd period - Shot Misses the Net.
3:44 of 3rd period - Snap shot by Paul Ranger.
3:44 of 3rd period - Stopped by Jonathan Bernier without a rebound.
3:45 of 3rd period - Adam Henrique wins face-off versus Luke Adam in Jets zone.
3:56 of 3rd period - Snap shot by Nino Niederreiter.
3:56 of 3rd period - Shot Misses the Net.
3:58 of 3rd period - Slapshot by Marco Scandella.
3:58 of 3rd period - Stopped by Anders Nilsson with a rebound.
4:00 of 3rd period - Snap shot by Nino Niederreiter.
4:00 of 3rd period - Stopped by Anders Nilsson without a rebound.
4:01 of 3rd period - Brandon Dubinsky wins face-off versus Derek Roy in Sharks zone.
4:26 of 3rd period - Andrej Sekera is hit by Adam Henrique.
4:48 of 3rd period - Slapshot by Kevin Hayes.
4:48 of 3rd period - Stopped by Anders Nilsson with a rebound.
5:24 of 3rd period - Icing by Brian Boyle.
5:25 of 3rd period - Bobby Ryan wins face-off versus Martins Karsums in Sharks zone.
5:30 of 3rd period - Snap shot by Derek Roy.
5:30 of 3rd period - Shot Blocked by Kevin Connauton.
5:32 of 3rd period - Snap shot by Marcus Johansson.
5:32 of 3rd period - Stopped by Anders Nilsson without a rebound.
5:33 of 3rd period - Derek Stepan wins face-off versus Brandon Dubinsky in Sharks zone.
6:26 of 3rd period - Oskar Osala is hit by Erik Haula and loses puck.
6:53 of 3rd period - Snap shot by Brandon Dubinsky.
6:53 of 3rd period - Stopped by Jonathan Bernier without a rebound.
6:54 of 3rd period - Adam Henrique wins face-off versus Brandon Dubinsky in Jets zone.
6:54 of 3rd period - Adam Henrique is hit by Adam Larsson.
7:08 of 3rd period - Snap shot by Brandon Dubinsky.
7:08 of 3rd period - Stopped by Jonathan Bernier with a rebound.
7:30 of 3rd period - Wrist shot by Brandon Dubinsky.
7:30 of 3rd period - Shot Misses the Net.
7:32 of 3rd period - Wrist shot by Kevin Connauton.
7:32 of 3rd period - Stopped by Jonathan Bernier with a rebound.
7:34 of 3rd period - Snap shot by Milan Michalek.
7:34 of 3rd period - Stopped by Jonathan Bernier without a rebound.
7:35 of 3rd period - Derek Roy wins face-off versus Zach Boychuk in Jets zone.
7:59 of 3rd period - Icing by Adam Larsson.
8:00 of 3rd period - Kevin Hayes wins face-off versus Mike Cammalleri in Sharks zone.
9:03 of 3rd period - Wrist shot by Stefan Ruzicka.
9:03 of 3rd period - Shot Blocked by Adam Henrique.
9:45 of 3rd period - Andrej Sekera is hit by Marcus Johansson and loses puck.
9:58 of 3rd period - Brandon Dubinsky is hit by Kevin Hayes and loses puck.
10:18 of 3rd period - Icing by Ryan Johansen.
10:19 of 3rd period - Ryan Johansen wins face-off versus Luke Adam in Jets zone.
10:19 of 3rd period - Ryan Johansen is hit by Martins Karsums.
10:35 of 3rd period - Luke Adam is hit by Jacob Trouba and loses puck.
10:51 of 3rd period - Derek Roy is hit by Mike Cammalleri and loses puck.
11:34 of 3rd period - Snap shot by Milan Michalek.
11:34 of 3rd period - Shot Misses the Net.
11:44 of 3rd period - Minor Penalty to Stefan Ruzicka for Cross-checking.
11:45 of 3rd period - Derek Stepan wins face-off versus Milan Michalek in Sharks zone.
11:48 of 3rd period - Snap shot by Adam Henrique.
11:48 of 3rd period - Shot Misses the Net.
12:12 of 3rd period - Paul Ranger is hit by Bobby Ryan.
12:16 of 3rd period - Wrist shot by Marcus Johansson.
12:16 of 3rd period - Shot Misses the Net.
12:18 of 3rd period - Wrist shot by Derek Roy.
12:18 of 3rd period - Shot Blocked by Milan Michalek.
12:22 of 3rd period - Snap shot by Marcus Johansson.
12:22 of 3rd period - Stopped by Anders Nilsson with a rebound.
12:32 of 3rd period - Backhand shot by Paul Ranger.
12:32 of 3rd period - Stopped by Jonathan Bernier with a rebound.
13:26 of 3rd period - Icing by Eric Gelinas.
13:27 of 3rd period - Derek Stepan wins face-off versus Brandon Dubinsky in Jets zone.
13:44 of 3rd period - Penalty to Stefan Ruzicka is over, Stefan Ruzicka is back on ice.
13:46 of 3rd period - Icing by Bobby Ryan.
13:47 of 3rd period - Martins Karsums wins face-off versus Marcus Johansson in Jets zone.
14:05 of 3rd period - Off-side.
14:06 of 3rd period - Brian Boyle wins face-off versus Ryan Johansen in neutral zone.
14:19 of 3rd period - Slapshot by Tyler Myers.
14:19 of 3rd period - Shot Blocked by Andrej Sekera.
14:35 of 3rd period - Snap shot by Nino Niederreiter.
14:35 of 3rd period - Stopped by Anders Nilsson without a rebound.
14:36 of 3rd period - Milan Michalek wins face-off versus Derek Stepan in Sharks zone.
14:40 of 3rd period - Off-side.
14:41 of 3rd period - Derek Stepan wins face-off versus Brandon Dubinsky in neutral zone.
15:30 of 3rd period - Snap shot by Mike Cammalleri.
15:30 of 3rd period - Stopped by Jonathan Bernier without a rebound.
15:31 of 3rd period - Ryan Johansen wins face-off versus Zach Boychuk in Jets zone.
15:40 of 3rd period - Snap shot by Mike Cammalleri.
15:40 of 3rd period - Shot Misses the Net.
15:42 of 3rd period - Wrist shot by Zach Boychuk.
15:42 of 3rd period - Shot Misses the Net.
15:44 of 3rd period - Slapshot by Andrej Sekera.
15:44 of 3rd period - Stopped by Jonathan Bernier without a rebound.
15:45 of 3rd period - Brandon Dubinsky wins face-off versus Derek Stepan in Jets zone.
16:00 of 3rd period - Wrist shot by Adam Henrique.
16:00 of 3rd period - Shot Hit the Post.
16:02 of 3rd period - Slapshot by Marco Scandella.
16:02 of 3rd period - Shot Misses the Net.
16:51 of 3rd period - Minor Penalty to Eric Gelinas for Tripping.
16:52 of 3rd period - Derek Stepan wins face-off versus Brandon Dubinsky in Jets zone.
17:46 of 3rd period - Off-side.
17:47 of 3rd period - Stefan Ruzicka wins face-off versus Nino Niederreiter in neutral zone.
18:03 of 3rd period - Icing by Brandon Dubinsky.
18:04 of 3rd period - Brandon Dubinsky wins face-off versus Derek Stepan in Sharks zone.
18:11 of 3rd period - Slapshot by Dennis Wideman.
18:11 of 3rd period - Shot Misses the Net.
18:13 of 3rd period - Wrist shot by Milan Michalek.
18:13 of 3rd period - Shot Hit the Post.
18:43 of 3rd period - Snap shot by Bobby Butler.
18:43 of 3rd period - Shot Misses the Net.
18:47 of 3rd period - Wrist shot by Zach Boychuk.
18:47 of 3rd period - Stopped by Jonathan Bernier without a rebound.
18:48 of 3rd period - Zach Boychuk wins face-off versus Derek Stepan in Jets zone.
18:51 of 3rd period - Penalty to Eric Gelinas is over, Eric Gelinas is back on ice.
18:58 of 3rd period - Icing by Eric Gelinas.
18:59 of 3rd period - Derek Stepan wins face-off versus Brandon Dubinsky in Jets zone.
19:16 of 3rd period - Dennis Wideman is hit by Derek Roy and loses puck.
19:39 of 3rd period - Wrist shot by Zach Boychuk.
19:39 of 3rd period - Stopped by Jonathan Bernier without a rebound.
19:40 of 3rd period - Luke Adam wins face-off versus Derek Stepan in Jets zone.
19:47 of 3rd period - Wrist shot by Martins Karsums.
19:47 of 3rd period - Stopped by Jonathan Bernier without a rebound.
19:48 of 3rd period - Luke Adam wins face-off versus Derek Stepan in Jets zone.
Goals for this period are 1 for Sharks vs 0 for Jets.
Shots for this period are 13 for Sharks vs 6 for Jets.